 Dungeon Crawl Stone Soup version 0.31.0-32-g396128a36d (webtiles) character file.

Game seed: 7104422973189989153

233 Fairytaker the Covered (level 6, -1/39 HPs)
             Began as a Gargoyle Fighter on Apr 18, 2024.
             Incinerated by a bombardier beetle (3 damage)
             ... with a burning spray
             ... on level 4 of the Dungeon.
             The game lasted 00:06:32 (2415 turns).

Fairytaker the Covered (Gargoyle Fighter)           Turns: 2415, Time: 00:06:33

Health: -1/39      AC: 16    Str: 24    XL:     6   Next: 5%
Magic:  6/6        EV: 10    Int:  9    God:
Gold:   162        SH:  4    Dex:  9    Spells: 5/5 levels left

rFire   . . .        a - +0 war axe
rCold   . . .        c - +0 buckler
rNeg    + . .        m - +3 scale mail of the Fiend {Str+3}
rPois   ∞            (no helmet)
rElec   +            (no cloak)
rCorr   .            (no gloves)
SInv    .            o - +1 pair of boots
Will    .....        (no amulet) Stlth
                     (no ring)
HPRegen 0.26/turn    (no ring)
MPRegen 0.10/turn

%: no passive effects
@: on fire, glowing
A: sickness immunity, AC +4, negative energy resistance 1, electricity
resistance, torment resistance 1, petrification resistance, sturdy frame 1
a: no special abilities


You were on level 4 of the Dungeon.
You visited 1 branch of the dungeon, and saw 4 of its levels.

You collected 162 gold pieces.

Inventory:

Hand Weapons
 a - a +0 war axe (weapon)
Missiles
 u - 6 poisoned darts (quivered)
 x - 2 javelins
Armour
 b - a +0 scale mail
 c - a +0 buckler (worn)
 m - the +3 scale mail of the Fiend (worn) {Str+3}
   (You found it on level 2 of the Dungeon)

   Str+3:     It affects your strength (+3).
 o - a +1 pair of boots (worn)
Wands
 p - a wand of iceblast (9)
 q - a wand of digging (6)
Scrolls
 e - 2 scrolls of enchant weapon {unknown}
 h - 2 scrolls of enchant armour
 i - 3 scrolls of noise {unknown}
 j - 2 scrolls of blinking
 l - a scroll of butterflies {unknown}
 n - a scroll of revelation {unknown}
 r - a scroll of silence {unknown}
 t - a scroll of fog {unknown}
 w - a scroll of amnesia {unknown}
Potions
 d - 2 potions of might
 f - a potion of invisibility
 g - 3 potions of degeneration
 k - a potion of berserk rage
 v - a potion of lignification {unknown}


   Skills:
 + Level 4.3 Fighting
 * Level 3.7 Axes
 + Level 4.3 Armour
 + Level 4.3 Shields


You had 5 spell levels left.
You didn't know any spells.
Your spell library contained the following spells:

 Spells                   Type           Power      Damage    Failure   Level
 Volatile Blastmotes      Fire/Tloc      0%         2d10      94%         3
 Fulminant Prism          Conj/Alch      0%         3d5       100%        4
 Iskenderun's Mystic Bla  Conj/Tloc      0%         2d3       100%        4


Dungeon Overview and Level Annotations

Branches:
Dungeon (4/15)
 Temple: D:4-7

Altars:


Innate Abilities, Weirdness & Mutations

You are immune to sickness and miasma.
Your stone body is resilient. (AC +4)
You are immune to poison.
You resist negative energy. (rN+)
You are resistant to electric shocks. (rElec)
You are resistant to unholy torment.
You are immune to petrification.
Your movements are slightly less encumbered by armour. (ER -2)


Message History

No target in view!
No target in view!
A bombardier beetle comes into view.
The bombardier beetle sprays incendiary fluid at you.
The burning spray misses you.
You hit the bombardier beetle but do no damage.
The bombardier beetle sprays incendiary fluid at you.
The burning spray hits you.
You are covered in liquid fire!
You hit the bombardier beetle.
The bombardier beetle is moderately wounded.
The liquid fire burns you!
The bombardier beetle sprays incendiary fluid at you.
The burning spray hits you.
You are even more covered in liquid fire!
You hit the bombardier beetle.
The bombardier beetle is heavily wounded.
The liquid fire burns you!
The bombardier beetle bites you but does no damage.
You slash the bombardier beetle!
You kill the bombardier beetle!
The liquid fire burns you!
You have reached level 6!
You are on fire!
You are on fire!
You shake off some of the fire as you move.
The liquid fire burns you!
You shake off some of the fire as you move.
The liquid fire burns you!
* * * LOW HITPOINT WARNING * * *
You shake off some of the fire as you move.
The liquid fire burns you!
* * * LOW HITPOINT WARNING * * *
You shake off some of the fire as you move.
The liquid fire burns you!
* * * LOW HITPOINT WARNING * * *
It was a potion of mutation.
You feel extremely strange.
You feel less encumbered by your armour.
The liquid fire burns you!
You die...

#.# #.# #### ######+#.#
..... #........# .....
#........# #...
#........#+##.##
+..............#### .
#......$..........#..
#....@.............<.
#...†.......#...........
#..####.####.##..#...#.#
# ...# #.......†.# ).
##### ######....# .#
.........###### .#
####..........< ..
#.....###### .#
.######.......#


There were no monsters in sight!

Vanquished Creatures
  A scorpion (D:4)
  A bombardier beetle (D:4)
  An orc wizard (D:4)
  3 adders
  A ribbon worm (D:2)
  6 dart slugs
  6 orcs
  An endoplasm (D:1)
  5 giant cockroaches
  6 hobgoblins
  3 jackals (D:3)
  2 quokkas
  11 ball pythons
  5 bats
  2 frilled lizards (D:1)
  4 goblins
  5 kobolds
  6 rats
69 creatures vanquished.

Notes
Turn   | Place    | Note
-------+----------+-------------------------------------------
     0 | D:1      | Fairytaker the Gargoyle Fighter began the quest for the
                  | Orb.
     0 | D:1      | Reached XP level 1. HP: 14/14 MP: 1/1
    94 | D:1      | Reached XP level 2. HP: 19/19 MP: 2/2
   462 | D:1      | Reached XP level 3. HP: 20/23 MP: 3/3
   690 | D:2      | Identified the +3 scale mail of the Fiend {Str+3}
  1081 | D:2      | Reached XP level 4. HP: 29/29 MP: 4/4
  1520 | D:3      | Found a faded altar of an unknown god.
  2187 | D:4      | Reached XP level 5. HP: 23/33 MP: 5/5
  2411 | D:4      | Reached XP level 6. HP: 16/39 MP: 6/6
  2415 | D:4      | Gained mutation: Your movements are slightly less
                  | encumbered by armour. (ER -2) [potion of mutation]
  2415 | D:4      | Incinerated by a bombardier beetle

Illustrated notes

Levels and vault maps discovered:
D:1:      elethiomel_arrival_quiet, layout_rooms, kennysheep_another_room,
          minmay_misc_feat_plants, minivault_27,
          nicolae_concentric_dashed_squares_mild, minmay_pentomino_r2
D:2:      layout_basic, kennysheep_generic_room_8
D:3:      layout_basic, basic_ecumenical_altar, nrook_uturn,
          corexii_hall_statues_i
D:4:      layout_basic, mainiacjoe_overflow_alcove_4, minivault_19, uniq_natasha

Skill      XL: |  1  2  3  4 |
---------------+-------------+-----
Axes           | 2 3 |  3.7
Fighting       | 4 |  4.3
Armour         | 4 |  4.3
Shields        | 4 |  4.3

Action                     |  1- 3 |  4- 6 || total
---------------------------+-------+-------++-------
  Melee: War axe           |   106 |   111 ||   217
    Use: Scroll            |       |     5 ||     5
         Potion            |       |     1 ||     1
 Armour: Scale mail        |    73 |    98 ||   171
  Dodge: Dodged            |    57 |    49 ||   106
  Block: Buckler           |    31 |    29 ||    60
